Map: Rorschach LE

Players

BloodMoney - Winner!

  • Race: Protoss Protoss
  • League: Bronze

Kwispy

  • Race: Terran Terran
  • League: Bronze

VOD

Have the link to the VOD?

Description

Time

  • Played on: Nov. 8, 2026, 1:36 p.m.
  • Length: 12:02
Show
View Real Time Build Order
Export as new Build Order

BloodMoney Protoss - Winner!

Build Orders: 1 Gate Expand 

Get SALT Encoding   

  12  0:00  Probe  
  13  0:12  Probe  
  14  0:26  Probe  
  14  0:27  Pylon  
  15  0:36  Assimilator  
  15  0:45  Probe (Chrono Boost)  
  16  0:54  Gateway, Probe (Chrono Boost)  
  17  0:59  Probe (Chrono Boost)  
  18  1:11  Probe  
  19  1:26  Nexus  
  19  1:30  Probe  
  20  1:37  Assimilator  
  20  1:42  Probe  
  21  1:49  Cybernetics Core  
  21  1:54  Probe  
  22  1:59  Pylon  
  22  2:17  Probe  
  23  2:27  Stalker  
  23  2:29  Warp Gate, Probe  
  26  2:41  Probe  
  27  2:49  Robotics Facility  
  26  2:53  Probe  
  26  2:54  Pylon, Stalker  
  26  2:55  Probe  
  30  3:05  Probe  
  31  3:07  Probe  
  32  3:17  Probe  
  33  3:21  Stalker  
  33  3:25  Gateway  
  35  3:33  Probe x2  
  37  3:40  Gateway  
  37  3:44  Observer  
  37  3:45  Probe x2  
  40  3:49  Sentry  
  42  3:57  Probe x2  
  44  4:09  Probe  
  45  4:13  Probe  
  48  4:17  Observer  
  48  4:21  Probe  
  50  4:24  Sentry  
  50  4:25  Probe  
  51  5:03  Stalker  
  53  5:13  Pylon  
  53  5:15  Probe  
  53  5:16  Pylon  
  54  5:21  Pylon  
  54  5:23  Assimilator  
  54  5:25  Assimilator  
  54  5:28  Probe x2  
  54  5:31  Immortal (Chrono Boost)  
  52  5:40  Probe  
  53  5:51  Zealot  
  53  5:52  Zealot x2  
  59  5:59  Immortal (Chrono Boost)  
  63  6:07  Forge  
  63  6:08  Forge  
  63  6:11  Pylon  
  63  6:14  Pylon  
  63  6:17  Pylon  
  63  6:25  Twilight Council  
  63  6:27  Robotics Bay  
  63  6:30  Immortal  
  67  6:34  Robotics Facility  
  67  6:36  Nexus  
  67  6:37  Robotics Facility  
  67  6:41  Pylon  
  67  6:43  Pylon  
  67  6:45  Probe x2  
  69  6:47  Pylon  
  69  6:52  Assimilator  
  69  6:56  Assimilator  
  69  6:57  Probe x2  
  71  7:07  Protoss Ground Weapons Level 1  
  71  7:08  Protoss Ground Armor Level 1  
  71  7:09  Probe x2  
  71  7:11  Immortal  
  71  7:12  Blink  
  77  7:21  Probe  
  78  7:29  Immortal  
  86  7:30  Immortal  
  82  7:55  Stalker x3  
  88  8:00  Probe x3  
  91  8:11  Immortal x3  
  91  8:12  Probe x3  
  106  8:24  Probe  
  107  8:31  Pylon  
  107  8:32  Pylon  
  107  8:33  Pylon  
  107  8:34  Pylon  
  107  8:47  Extended Thermal Lance (Chrono Boost)  
  107  9:02  Zealot x3  
  113  9:05  Immortal x2  
  113  9:08  Immortal  
  125  9:13  Charge  
  125  9:29  Probe  
  126  9:36  Gateway  
  126  9:38  Gateway  
  126  9:39  Gateway  
  126  9:41  Probe, Gateway  
  126  9:44  Nexus  
  127  9:49  Assimilator  
  127  9:50  Protoss Shields Level 1 (Chrono Boost)  
  127  9:52  Assimilator  
  127  9:53  Probe  
  127  9:57  Pylon  
  128  10:00  Pylon  
  128  10:01  Immortal x3  
  128  10:03  Pylon  
  140  10:26  Zealot x3  
  90  11:14  Zealot  
  90  11:15  Zealot x6  
  104  11:42  Stalker  
  104  11:43  Stalker x6  
Show
View Real Time Build Order
Export as new Build Order

Kwispy Terran 

Build Orders: 2 Factory, Mech 

Get SALT Encoding   

  12  0:02  SCV  
  13  0:15  SCV  
  13  0:18  Supply Depot  
  14  0:25  Refinery  
  14  0:30  SCV  
  16  0:42  SCV  
  16  0:59  Barracks  
  16  1:00  SCV  
  17  1:12  SCV  
  18  1:24  SCV  
  19  1:42  Command Center  
  19  1:50  Orbital Command  
  19  1:56  Barracks Tech Lab  
  19  2:00  Supply Depot  
  19  2:16  Marine  
  19  2:21  SCV  
  21  2:35  Factory  
  21  2:45  SCV  
  22  2:57  SCV  
  23  3:05  Factory  
  23  3:07  Supply Depot, SCV  
  24  3:20  Refinery  
  24  3:25  SCV  
  26  3:29  Orbital Command  
  25  3:44  Bunker  
  25  3:49  Siege Tank  
  25  3:51  Barracks Reactor  
  25  3:54  Factory Tech Lab  
  28  3:56  SCV x2  
  29  4:15  SCV  
  29  4:16  SCV  
  30  4:33  SCV x2  
  31  4:39  Siege Tank  
  32  4:51  Factory  
  32  4:54  SCV  
  32  4:55  SCV  
  32  4:57  Supply Depot  
  34  5:06  SCV  
  36  5:07  SCV  
  36  5:18  Siege Tank  
  39  5:25  SCV  
  39  5:26  SCV  
  41  5:50  Siege Tank  
  44  6:05  Hellion  
  44  6:06  Hellion  
  44  6:09  SCV x2  
  50  6:16  Supply Depot  
  50  6:17  Supply Depot  
  50  6:21  SCV x2  
  50  6:23  Supply Depot  
  50  6:24  Supply Depot  
  52  6:29  Factory  
  52  6:35  SCV  
  52  6:36  SCV  
  52  6:37  Armory  
  54  6:42  Armory  
  54  6:46  Refinery  
  54  6:47  SCV  
  54  6:48  SCV, Refinery  
  56  7:12  Hellion x2  
  56  7:13  Siege Tank x2  
  66  7:28  SCV x2  
  68  7:40  Command Center  
  68  7:41  SCV x2  
  69  7:45  Factory Tech Lab  
  69  7:53  SCV x2  
  71  8:02  Terran Vehicle Weapons Level 1, Terran Vehicle And Ship Armor Level 1  
  71  8:05  Thor  
  77  8:37  SCV x2  
  79  8:48  Command Center  
  79  8:54  Hellion x2  
  79  8:55  Siege Tank x2  
  89  9:02  Supply Depot  
  89  9:03  Supply Depot  
  89  9:17  Barracks, SCV  
  89  9:18  SCV  
  89  9:21  Hellion  
  89  9:23  Thor  
  101  9:24  Hellion  
  101  9:46  Command Center  
  101  9:48  Hellion  
  101  9:49  Hellion  
  105  9:54  Supply Depot  
  105  9:55  Supply Depot  
  105  9:56  SCV  
  105  9:57  SCV  
  105  9:59  Thor  
  113  10:14  SCV x2  
  115  10:23  Thor  
  115  10:25  Hellion x2  
  115  10:26  Refinery  
  115  10:28  Refinery  
  75  10:58  Hellion x2  
  75  11:00  Siege Tank x2  
  70  11:17  Hellion  
  57  11:32  Hellion  
  57  11:33  Hellion  
  57  11:39  SCV x2  
Tags
 
Add a new tag
Caveats
  • Supply blocks, unpowered buildings, or Contaminate may cause inaccurate times.
  • Supply counts are checked every 10 seconds.